 Dungeon Crawl Stone Soup version 0.31-a0-986-g5e6e4ef867 (webtiles) character file.

Game seed: 1922715461365544263

6385 Xavori the Ducker (level 11, -12/71 HPs)
             Began as a Djinni Chaos Knight on Nov 5, 2023.
             Was a Plaything of Xom.
             Mangled by a two-headed ogre
             ... wielding a +0 giant spiked club
              (16 damage)
             ... on level 9 of the Dungeon.
             The game lasted 00:09:29 (15309 turns).

Xavori the Ducker (Djinni Chaos Knight)            Turns: 15309, Time: 00:09:29

Health: -12/71     AC: 10    Str: 11    XL:     11   Next: 17%
Gold:   462        EV: 17    Int: 14    God:    Xom [......] SH:  0 Dex: 23

rFire   + + .        C - +3 scimitar
rCold   x . .        (no shield)
rNeg    . . .        b - +2 leather armour
rPois   ∞            (helmet restricted)
rElec   .            n - +1 cloak of Askief {Stlth+}
rCorr   .            (no gloves)
SInv    .            (boots unavailable)
Will    +....        r - amulet of regeneration
Stlth   +++          s - +6 ring of dexterity
HPRegen 1.11/turn    J - ring of wizardry
MPRegen 0.00/turn

%: random rage (3%), wizardry (x1), infuse magic (-13 HP)
@: flying
A: sickness immunity, fire resistance 2, cold vulnerability 1, float, innate
caster, HP casting, extra vitality 1, horns 1, iridescent scales 1, berserk 1,
frail 1, subdued magic 1, inability to drink after injury 1, MP-powered wands
a: Renounce Religion


You were on level 9 of the Dungeon.
You worshipped Xom.
You were a very special plaything of Xom.
You visited 1 branch of the dungeon, and saw 9 of its levels.

You collected 702 gold pieces.
You spent 240 gold pieces at shops.

Inventory:

Hand Weapons
 C - a +3 scimitar (weapon)
Armour
 b - a +2 leather armour (worn)
 g - a +0 helmet
 m - a +0 kite shield
 n - the +1 cloak of Askief (worn) {Stlth+}
   (Xom gifted it to you on level 1 of the Dungeon)

   Stlth+:    It makes you more stealthy.
Jewellery
 a - a ring of fire
 r - an amulet of regeneration (around neck)
 s - a +6 ring of dexterity (left hand)
 J - a ring of wizardry (right hand)
Wands
 k - a wand of iceblast (6)
 z - a wand of quicksilver (18)
 E - a wand of polymorph (9)
 F - a wand of paralysis (23)
 K - a wand of flame (13)
Scrolls
 c - a scroll of butterflies
 d - 4 scrolls of poison
 j - 3 scrolls of fog
 p - 3 scrolls of fear
 v - a scroll of brand weapon
 w - 3 scrolls of teleportation
 H - 2 scrolls of revelation
Potions
 e - 2 potions of enlightenment {unknown}
 f - 4 potions of brilliance {unknown}
 h - 3 potions of heal wounds {unknown}
 i - a potion of might {unknown}
 o - 2 potions of curing {unknown}
 t - a potion of haste {unknown}
 u - 3 potions of attraction {unknown}
 A - a potion of ambrosia {unknown}
 B - 2 potions of resistance {unknown}
 I - a potion of cancellation {unknown}


   Skills:
 + Level 7.6 Fighting
 + Level 6.9 Long Blades
 + Level 6.9 Armour
 + Level 7.9 Dodging
 * Level 6.2 Spellcasting
 * Level 6.2 Conjurations
 * Level 6.2 Hexes
   Level 0.0 Charms
 * Level 6.2 Summonings
 * Level 6.2 Necromancy
 * Level 6.2 Translocations
 * Level 6.2 Transmutations
 * Level 6.2 Fire Magic
 * Level 6.2 Ice Magic
 * Level 6.2 Air Magic
 * Level 6.2 Earth Magic
 * Level 6.2 Poison Magic


You knew the following spells:

 Your Spells              Type           Power      Damage    Failure   Level
a - Slow                  Hex            64%        N/A       1%          1
b - Passwall              Tmut/Erth      13%        N/A       1%          2
c - Stone Arrow           Conj/Erth      32%        3d9       1%          3
d - Vampiric Draining     Necr           16%        2d7       1%          3
e - Summon Lightning Spi  Summ/Air       16%        N/A       5%          4
Your spell library was empty.

Dungeon Overview and Level Annotations

Branches:
Dungeon (9/15)             Temple (0/1) D:6            Lair (0/5) D:8
    Orc: D:9-12

Altars:
Ashenzari
Dithmenos
Elyvilon
Fedhas
Okawaru
Trog
Xom
The Shining One

Shops:
D:5 ::(   D:7 *((


Innate Abilities, Weirdness & Mutations

You are immune to sickness and miasma.
You are immune to poison.
Your flesh is very heat resistant. (rF++)
You are vulnerable to cold. (rC-)
You float through the air rather than walking.
You learn spells naturally, not from books.
Your magical power is your life essence.
You have superior vitality. (+4 MHP)
You have a pair of small horns on your head.
You are partially covered in iridescent scales. (AC +2)
You sometimes lose your temper in combat.
You are frail. (-10% HP)
Your spells are a little easier to cast, but a little less powerful.
You occasionally lose the ability to drink potions when taking damage.
You expend health (3 HP) to strengthen your wands.


Message History

You are now a very special plaything of Xom.
Your lightning spire shoots out a bolt of lightning at the two-headed ogre!
The bolt of electricity hits your white imp!
Your white imp dies!
Your white imp disappears in a puff of smoke!
The bolt of electricity hits the two-headed ogre.
You swap places.
Your crimson imp hits the two-headed ogre but does no damage.
Your shadow imp hits the two-headed ogre.
Unknown command.
The two-headed ogre hits your quasit but does no damage.
The two-headed ogre closely misses your quasit.
Your crimson imp hits the two-headed ogre but does no damage.
Unknown command.
You swap places.
Your iron imp hits the two-headed ogre. x2
Your crimson imp hits the two-headed ogre but does no damage.
You swap places.
The two-headed ogre closely misses you.
The two-headed ogre hits you with a +0 giant club!
Your iron imp barely misses the two-headed ogre.
Your iron imp hits the two-headed ogre!
Your crimson imp closely misses the two-headed ogre.
Unknown command.
You barely miss the two-headed ogre. You headbutt the two-headed ogre.
The two-headed ogre is heavily wounded.
The two-headed ogre hits you with a +0 giant spiked club!!
The two-headed ogre closely misses you.
Your crimson imp hits the two-headed ogre.
Your iron imp hits the two-headed ogre.
You hit the two-headed ogre.
The two-headed ogre is severely wounded.
Your shadow imp hits the two-headed ogre.
Your crimson imp blinks!
Unknown command.
You slash the two-headed ogre!
The two-headed ogre is almost dead.
The two-headed ogre hits you with a +0 giant spiked club!!
* * * LOW HITPOINT WARNING * * *
The two-headed ogre hits you with a +0 giant club!
You die...
Xom is highly amused!

#........# #........#
#........#########
#.................
#.................
#######.....>...........
.......5................
......5558..............
..5..5O@.55.............
....♣~♣5###########.....
. P~♣♣~# #..... ♣P ~♣~
#..... ♣ ♣P ~ ~P ~♣ ~P~
~♣ ~~~ ~~


You could see a two-headed ogre (ally target), a friendly lightning spire
(summoned), 2 friendly iron imps, 2 friendly quasits, a friendly crimson imp
(summoned), a friendly white imp (summoned), 2 friendly shadow imps and a
friendly ufetubus (summoned).

Vanquished Creatures
  A centaur warrior (D:8)
  Amaemon (D:8)
  A deep elf pyromancer (D:8)
  Pikel (D:8)
  A salamander (D:8)
  An elephant (D:8)
  An orange demon (D:8)
  A kobold demonologist (D:7)
  A komodo dragon (D:8)
  A water moccasin (D:6)
  An orc warrior (D:9)
  A black bear (D:4)
  An ice beast (D:5)
  A sky beast (D:7)
  An ogre (D:6)
  3 centaurs
  3 phantoms
  A lemure (D:8)
  5 kobold brigands
  4 bullfrogs
  A gnoll sergeant (D:7)
  3 scorpions
  4 wights (D:6)
  3 killer bees (D:8)
  2 howler monkeys
  An electric eel (D:7)
  A hound (D:5)
  An orc priest (D:4)
  4 jellies
  2 iguanas
  A sleepcap (D:6)
  3 orc wizards
  8 gnolls
  6 adders
  A white imp (D:6)
  2 ufetubi (D:7)
  2 worms
  3 dart slugs
  23 orcs
  5 endoplasms
  2 giant cockroaches
  4 goblins
  7 hobgoblins
  2 jackals (D:2)
  13 kobolds
  2 quokkas (D:4)
  A ball python (D:4)
  2 bats
  6 frilled lizards
  6 rats
152 creatures vanquished.

Notes
Turn   | Place    | Note
-------+----------+-------------------------------------------
     0 | D:1      | Xavori the Djinni Chaos Knight began the quest for the Orb.
     0 | D:1      | Reached XP level 1. HP: 20/20 MP: 0/0
    71 | D:1      | XOM: divination: detect items
   230 | D:1      | Reached XP level 2. HP: 16/25 MP: 0/0
   731 | D:1      | XOM: give mutations
   731 | D:1      | Gained mutation: You are weak. (Str -2) [Xom's mischief]
   731 | D:1      | Gained mutation: You occasionally lose the ability to read
                  | scrolls when taking damage. [Xom's mischief]
   731 | D:1      | Lost mutation: You occasionally lose the ability to read
                  | scrolls when taking damage. [Xom's mischief]
   991 | D:1      | XOM: noise
  1289 | D:2      | Reached XP level 3. HP: 30/30 MP: 0/0
  1289 | D:2      | Learned a level 1 spell: Slow
  1511 | D:1      | Identified the +1 cloak of Askief {Stlth+} (Xom gifted it
                  | to you on level 1 of the Dungeon)
  1511 | D:1      | XOM: god gift: +1 cloak of Askief {Stlth+}
  2457 | D:1      | XOM: divination: detect items
  2534 | D:1      | XOM: noise
  3520 | D:1      | XOM: scenery: 1 doors open, 3 doors close
  3535 | D:1      | XOM: summons 2 hostile demons
  3561 | D:2      | XOM: give mutations
  3561 | D:2      | Gained mutation: Armour fits poorly on your strangely
                  | shaped body. [Xom's mischief]
  3561 | D:2      | Lost mutation: Armour fits poorly on your strangely shaped
                  | body. [Xom's mischief]
  3806 | D:1      | XOM: stat loss: -1 Str (8/9)
  4289 | D:1      | XOM: summons 2 hostile demons
  4290 | D:1      | XOM: smoke on damage
  4468 | D:1      | XOM: divination: detect creatures
  4474 | D:1      | XOM: silly message
  5105 | D:1      | XOM: silly message
  5746 | D:1      | XOM: silly message
  5901 | D:1      | XOM: torment (16/30 hp)
  6756 | D:1      | XOM: give mutations
  6756 | D:1      | Lost mutation: You are weak. (Str -2) [Xom's mischief]
  6756 | D:1      | Gained mutation: Your body sometimes deteriorates upon
                  | taking damage. [Xom's mischief]
  6756 | D:1      | Gained mutation: Armour fits poorly on your strangely
                  | shaped body. [Xom's mischief]
  6762 | D:1      | XOM: draining
  6835 | D:1      | XOM: give mutations
  6835 | D:1      | Gained mutation: You occasionally lose the ability to drink
                  | potions when taking damage. [Xom's mischief]
  6835 | D:1      | Lost mutation: Your body sometimes deteriorates upon taking
                  | damage. [Xom's mischief]
  6835 | D:1      | Gained mutation: Your body sometimes deteriorates upon
                  | taking damage. [Xom's mischief]
  6879 | D:1      | XOM is BORED!
  7049 | D:1      | XOM: stat loss: -1 Dex (13/14)
  8263 | D:1      | XOM is BORED!
  8263 | D:1      | XOM: noise
  8315 | D:1      | XOM: god gift: 25 gold pieces
  8417 | D:1      | XOM: give mutations
  8417 | D:1      | Gained mutation: You have a pair of small horns on your
                  | head. [Xom's grace]
  8417 | D:1      | Gained mutation: You expend health (3 HP) to strengthen
                  | your wands. [Xom's grace]
  8425 | D:1      | XOM is BORED!
  8811 | D:1      | XOM: give mutations
  8811 | D:1      | Gained mutation: Your flesh is almost immune to the effects
                  | of heat. (rF+++) [Xom's mischief]
  8811 | D:1      | Lost mutation: You occasionally lose the ability to drink
                  | potions when taking damage. [Xom's mischief]
  9019 | D:1      | XOM: give mutations
  9019 | D:1      | Gained mutation: You have hidden genetic potential. [Xom's
                  | mischief]
  9019 | D:1      | Lost mutation: Your body sometimes deteriorates upon taking
                  | damage. [Xom's mischief]
  9189 | D:1      | XOM: summons 2 hostile demons
  9354 | D:2      | XOM: 2-stop teleportation journey
  9406 | D:2      | Reached skill level 1 in Spellcasting
  9406 | D:2      | Reached skill level 1 in Conjurations
  9406 | D:2      | Reached skill level 1 in Hexes
  9406 | D:2      | Reached skill level 1 in Summonings
  9406 | D:2      | Reached skill level 1 in Necromancy
  9406 | D:2      | Reached skill level 1 in Translocations
  9406 | D:2      | Reached skill level 1 in Transmutations
  9406 | D:2      | Reached skill level 1 in Fire Magic
  9406 | D:2      | Reached skill level 1 in Ice Magic
  9406 | D:2      | Reached skill level 1 in Air Magic
  9406 | D:2      | Reached skill level 1 in Earth Magic
  9406 | D:2      | Reached skill level 1 in Poison Magic
  9444 | D:2      | Found a faded altar of an unknown god.
  9542 | D:2      | XOM: scenery: summon butterflies
  9674 | D:2      | XOM: summons 1 hostile shadow creature
  9763 | D:1      | XOM: god gift: ruby potion {god gift}
 10190 | D:1      | XOM: give mutations
 10190 | D:1      | Gained mutation: You are agile. (Dex +4, Str/Int -1) [Xom's
                  | grace]
 10190 | D:1      | Gained mutation: You are robust. (+10% HP) [Xom's grace]
 10190 | D:1      | Gained mutation: Your natural rate of healing is unusually
                  | fast. [Xom's grace]
 10338 | D:3      | XOM: draining
 10452 | D:3      | Reached XP level 4. HP: 33/33 MP: 0/0
 10660 | D:3      | XOM: scenery: summon butterflies
 10783 | D:4      | Noticed a black bear
 10787 | D:4      | Killed a black bear
 10788 | D:4      | Reached XP level 5. HP: 40/44 MP: 0/0
 10788 | D:4      | Learned a level 2 spell: Passwall
 10860 | D:4      | Reached XP level 6. HP: 51/51 MP: 0/0
 11073 | D:4      | XOM: 6-stop teleportation journey
 11183 | D:4      | Found a blossoming altar of Fedhas.
 11457 | D:4      | Reached XP level 7. HP: 57/57 MP: 0/0
 11457 | D:4      | Learned a level 3 spell: Stone Arrow
 11745 | D:5      | Entered Level 5 of the Dungeon
 11781 | D:5      | Gained mutation: You heal very quickly. [hidden potential]
 11845 | D:5      | XOM: scenery: summon butterflies
 11847 | D:5      | Found Cuhak's Book Shop.
 11996 | D:5      | Found Synn's Book Shoppe.
 12061 | D:5      | an iguana changed into a glowing shapeshifter
 12061 | D:5      | Noticed a glowing shapeshifter (glowing shapeshifter)
 12061 | D:5      | a glowing shapeshifter changed into a wolf spider
 12061 | D:5      | Noticed a wolf spider (glowing shapeshifter)
 12062 | D:5      | a wolf spider changed into a glowing shapeshifter
 12062 | D:5      | Noticed a glowing shapeshifter (glowing shapeshifter)
 12063 | D:5      | a glowing shapeshifter changed into a swamp worm
 12063 | D:5      | Noticed a swamp worm (glowing shapeshifter)
 12066 | D:5      | XOM: enchant monster (good)
 12082 | D:5      | Noticed a torpor snail
 12083 | D:5      | a torpor snail changed into a sea snake
 12083 | D:5      | Noticed a sea snake (glowing shapeshifter)
 12084 | D:5      | a sea snake changed into a two-headed ogre
 12084 | D:5      | Noticed a two-headed ogre (glowing shapeshifter)
 12084 | D:5      | a two-headed ogre changed into a shock serpent
 12084 | D:5      | Noticed a shock serpent (glowing shapeshifter)
 12090 | D:5      | a shock serpent changed into a slime creature
 12090 | D:5      | Noticed a slime creature (glowing shapeshifter)
 12091 | D:5      | a slime creature changed into a jorogumo
 12091 | D:5      | Noticed a jorogumo (glowing shapeshifter)
 12092 | D:5      | XOM: butterfly on damage
 12095 | D:5      | HP: 2/57 [jorogumo (glowing shapeshifter) (10)]
 12097 | D:5      | a jorogumo changed into a satyr
 12097 | D:5      | Noticed a satyr (glowing shapeshifter)
 12098 | D:5      | XOM: 4-stop teleportation journey
 12138 | D:5      | XOM: god gift: 41 gold pieces
 12164 | D:5      | XOM: scenery: create altars
 12203 | D:5      | XOM: god gift: staff of air
 12251 | D:5      | Found Xasaseel's Weapon Shop.
 12419 | D:5      | XOM: 1-stop teleportation journey
 12446 | D:5      | Found a bloodstained altar of Trog.
 12466 | D:5      | Found a shadowy altar of Dithmenos.
 12474 | D:5      | XOM: summons 2 friendly demons
 12479 | D:5      | Reached XP level 8. HP: 63/63 MP: 0/0
 12548 | D:5      | Noticed an orb spider
 12548 | D:5      | an orb spider changed into a redback
 12555 | D:5      | a swamp worm changed into a steelbarb worm
 12555 | D:5      | Noticed a steelbarb worm (glowing shapeshifter)
 12556 | D:5      | a steelbarb worm changed into a glass eye
 12556 | D:5      | Noticed a glass eye (glowing shapeshifter)
 12559 | D:5      | a glass eye changed into a glowing shapeshifter
 12559 | D:5      | Noticed a glowing shapeshifter (glowing shapeshifter)
 12559 | D:5      | XOM: polymorph glass eye -> glowing shapeshifter
 12559 | D:5      | a glowing shapeshifter changed into a snapping turtle
 12559 | D:5      | Noticed a snapping turtle (glowing shapeshifter)
 12561 | D:5      | a snapping turtle changed into a torpor snail
 12561 | D:5      | Noticed a torpor snail (glowing shapeshifter)
 12609 | D:6      | Gained mutation: You are partially covered in iridescent
                  | scales. (AC +2) [hidden potential]
 12609 | D:6      | Lost mutation: You have hidden genetic potential. [hidden
                  | potential expressed]
 12763 | D:6      | Reached skill level 5 in Fighting
 12809 | D:6      | Reached skill level 5 in Dodging
 12844 | D:6      | XOM: swap monsters
 12919 | D:6      | XOM: summons 1 hostile demon
 13100 | D:6      | Found a staircase to the Ecumenical Temple.
 13108 | D:6      | Reached XP level 9. HP: 71/71 MP: 0/0
 13108 | D:6      | Learned a level 3 spell: Vampiric Draining
 13374 | D:7      | Reached skill level 5 in Long Blades
 13478 | D:7      | XOM: give mutations
 13478 | D:7      | Lost mutation: Your flesh is almost immune to the effects
                  | of heat. (rF+++) [Xom's mischief]
 13478 | D:7      | Lost mutation: You are robust. (+10% HP) [Xom's mischief]
 13487 | D:7      | Found a broken altar of Ashenzari.
 13585 | D:7      | Found Zytekhe's Assorted Antiques.
 13592 | D:7      | XOM: give mutations
 13592 | D:7      | Gained mutation: You have hidden genetic defects. [Xom's
                  | mischief]
 13592 | D:7      | Lost mutation: Armour fits poorly on your strangely shaped
                  | body. [Xom's mischief]
 13592 | D:7      | Lost mutation: You have a pair of small horns on your head.
                  | [Xom's mischief]
 13592 | D:7      | Gained mutation: You sometimes lose your temper in combat.
                  | [Xom's mischief]
 13609 | D:7      | Bought a scroll labelled NUEFFO YCZIGAL for 30 gold pieces
 13609 | D:7      | Bought a scroll labelled TOZEYR KOCODU for 30 gold pieces
 13609 | D:7      | Bought a scroll labelled NUEFFO YCZIGAL for 30 gold pieces
 13609 | D:7      | Bought a scroll labelled ONEOTH CEUDARE for 30 gold pieces
 13609 | D:7      | Bought a scroll of fear for 120 gold pieces
 13642 | D:7      | Noticed a kobold demonologist
 13644 | D:7      | XOM: chaos upgrade
 13650 | D:7      | Noticed a sun demon
 13651 | D:7      | Killed a kobold demonologist
 13652 | D:7      | Reached skill level 5 in Armour
 13656 | D:7      | XOM: chaos upgrade
 13664 | D:7      | Gained mutation: You are frail. (-10% HP) [hidden defects]
 13721 | D:7      | Found Nunux's Weapon Boutique.
 13756 | D:7      | Found an iron altar of Okawaru.
 13757 | D:7      | XOM: torment (31/59 hp)
 13883 | D:7      | Found Rooleuk's Antique Weapon Boutique.
 13922 | D:7      | XOM: give mutations
 13922 | D:7      | Gained mutation: You have a pair of small horns on your
                  | head. [Xom's mischief]
 13922 | D:7      | Lost mutation: You heal very quickly. [Xom's mischief]
 14084 | D:7      | Found a glowing golden altar of the Shining One.
 14221 | D:8      | Found a white marble altar of Elyvilon.
 14227 | D:8      | Noticed a centaur warrior
 14227 | D:8      | Noticed a deep elf pyromancer
 14227 | D:8      | XOM: summons 5 hostile demons
 14228 | D:8      | Noticed a soul eater
 14379 | D:8      | Noticed an elephant
 14397 | D:8      | Killed an elephant
 14398 | D:8      | Reached XP level 10. HP: 65/65 MP: 0/0
 14399 | D:8      | a yak changed into a salamander
 14399 | D:8      | Noticed a salamander
 14399 | D:8      | XOM: polymorph yak -> salamander
 14399 | D:8      | Gained mutation: You occasionally lose the ability to drink
                  | potions when taking damage. [hidden defects]
 14399 | D:8      | Lost mutation: You have hidden genetic defects. [hidden
                  | defects expressed]
 14400 | D:8      | XOM: chaos cloud
 14403 | D:8      | Killed a salamander
 14404 | D:8      | Reached skill level 5 in Spellcasting
 14404 | D:8      | Reached skill level 5 in Conjurations
 14404 | D:8      | Reached skill level 5 in Hexes
 14404 | D:8      | Reached skill level 5 in Summonings
 14404 | D:8      | Reached skill level 5 in Necromancy
 14404 | D:8      | Reached skill level 5 in Translocations
 14404 | D:8      | Reached skill level 5 in Transmutations
 14404 | D:8      | Reached skill level 5 in Fire Magic
 14404 | D:8      | Reached skill level 5 in Ice Magic
 14404 | D:8      | Reached skill level 5 in Air Magic
 14404 | D:8      | Reached skill level 5 in Earth Magic
 14404 | D:8      | Reached skill level 5 in Poison Magic
 14405 | D:8      | Paralysed by you for 3 turns
 14442 | D:8      | XOM: swap monsters
 14461 | D:8      | Found a staircase to the Lair.
 14461 | D:8      | Noticed a komodo dragon
 14467 | D:8      | Killed a komodo dragon
 14527 | D:8      | Killed a centaur warrior
 14627 | D:8      | Noticed Pikel
 14635 | D:8      | XOM: confuse monster(s)
 14637 | D:8      | Killed Pikel
 14726 | D:8      | Killed a deep elf pyromancer
 14726 | D:8      | XOM: confusion (+ monsters)
 14794 | D:8      | Noticed Amaemon
 14797 | D:8      | Noticed an orange demon
 14810 | D:8      | Killed Amaemon
 14811 | D:8      | Reached XP level 11. HP: 64/71 MP: 0/0
 14811 | D:8      | Learned a level 4 spell: Summon Lightning Spire
 14998 | D:8      | XOM: give mutations
 14998 | D:8      | Lost mutation: Your natural rate of healing is unusually
                  | fast. [Xom's mischief]
 14998 | D:8      | Lost mutation: You are agile. (Dex +4, Str/Int -1) [Xom's
                  | mischief]
 14998 | D:8      | Gained mutation: Your spells are a little easier to cast,
                  | but a little less powerful. [Xom's mischief]
 15291 | D:9      | XOM: 9-stop teleportation journey
 15300 | D:9      | Noticed a two-headed ogre
 15302 | D:9      | XOM: summons 10 friendly demons
 15309 | D:9      | Mangled by a two-headed ogre

Illustrated notes

Levels and vault maps discovered:
D:1:      shiori_shiawase, layout_loops_corners
D:2:      layout_rooms, dreamdust_ecumenical_altar_grove, minmay_split_cup_small
D:3:      layout_rooms
D:4:      layout_loops_corners, mainiacjoe_overflow_boulevard
D:5:      layout_layer_cave, mainiacjoe_overflow_catwalk, trog_butcher_becter,
          amcnicky_altar_gilded, serial_shops, shop, shop,
          nicolae_inconvenience_store
D:6:      layout_basic, minmay_temple_entry_butterflies, minivault_22
D:7:      layout_loops_ring, tso_altar, ashenzari_altar_1,
          gammafunk_temple_overflow_pools, serial_shops, shop,
          nicolae_shop_hallway_stairs, shop_fountains, kennysheep_generic_room_2
D:8:      minmay_curly_fans, layout_loops_ring, lemuel_crystal_altar,
          grunt_lair_entry_orc_guard_hut, uniq_amaemon, uniq_pikel
D:9:      layout_irregular_city, serial_bayou_lake_a

Skill      XL: |  1  2  3  4  5  6  7  8  9 10 |
---------------+-------------------------------+-----
Long Blades    | 3 4 5 6 |  6.9
Spellcasting   | 1 2 3 4 6 |  6.2
Conjurations   | 1 2 3 4 6 |  6.2
Hexes          | 1 2 3 4 6 |  6.2
Summonings     | 1 2 3 4 6 |  6.2
Necromancy     | 1 2 3 4 6 |  6.2
Translocations | 1 2 3 4 6 |  6.2
Transmutations | 1 2 3 4 6 |  6.2
Fire Magic     | 1 2 3 4 6 |  6.2
Ice Magic      | 1 2 3 4 6 |  6.2
Air Magic      | 1 2 3 4 6 |  6.2
Earth Magic    | 1 2 3 4 6 |  6.2
Poison Magic   | 1 2 3 4 6 |  6.2
Armour         | 2 3 4 5 6 |  6.9
Dodging        | 3 4 5 6 7 |  7.9
Fighting       | 4 5 6 7 |  7.6

Action                     |  1- 3 |  4- 6 |  7- 9 | 10-12 || total
---------------------------+-------+-------+-------+-------++-------
  Melee: Falchion          |   101 |    81 |   103 |       ||   285
         Headbutt          |     6 |    16 |    49 |    31 ||   102
         Punch             |     1 |       |     2 |     3 ||     6
         Scimitar          |       |       |   143 |   114 ||   257
   Cast: Summon Lightning  |       |       |       |     1 ||     1
  Evoke: Wand              |       |       |     7 |       ||     7
    Use: Scroll            |       |     1 |     4 |     8 ||    13
         Potion            |       |       |     1 |       ||     1
   Stab: Sleeping          |     3 |     4 |     7 |     2 ||    16
         Confused          |     1 |       |       |     2 ||     3
         Distracted        |       |     1 |       |     1 ||     2
 Armour: Leather armour    |    70 |    48 |   149 |    77 ||   344
  Dodge: Dodged            |    65 |    47 |   212 |   125 ||   449

Table legend: (Time is in decaauts)
 A = Elapsed time spent in this place.
 B = Non-inter-level travel time spent in this place.
 C = Inter-level travel time spent in this place.
 D = Time resting spent in this place.
 E = Time spent auto-exploring this place.
 F = Levels seen in this place.
 G = Mean time per level.
                   A        B        C        D        E       F      G
               +--------+--------+--------+--------+--------+-----+--------+
         Total |  15420 |  15207 |    213 |   8890 |   5003 |   9 | 1713.3 |
       Dungeon |  15420 |  15207 |    213 |   8890 |   5003 |   9 | 1713.3 |
               +--------+--------+--------+--------+--------+-----+--------+

Top non-repeatable levels by time:
     D:1: 9391 daAuts
     D:4: 1002 daAuts
     D:7: 957 daAuts
     D:8: 942 daAuts
     D:2: 930 daAuts
     D:5: 823 daAuts
     D:6: 793 daAuts
     D:3: 456 daAuts
     D:9: 123 daAuts
